 Dungeon Crawl Stone Soup version 0.30-a0-1123-gabc949cf19 (webtiles) character file.

Game seed: 9551350826156603024

26091 cheesebisquit the Warrior (level 12, -1/124 HPs)
             Began as a Minotaur Hunter on Apr 22, 2023.
             Was a Priest of Fedhas.
             Slain by a +5 long sword (21 damage)
             ... on level 13 of the Dungeon.
             The game lasted 00:50:54 (18582 turns).

cheesebisquit the Warrior (Minotaur Hunter)        Turns: 18582, Time: 00:50:55

Health: -1/124     AC: 17    Str: 16    XL:     12   Next: 95%
Magic:  18/18      EV: 13    Int:  6    God:    Fedhas [***...]
Gold:   962        SH:  0    Dex: 25    Spells: 11/11 levels left

rFire   . . .        a - +3 shortbow
rCold   . . .        (shield currently unavailable)
rNeg    . . .        U - +5 robe of Night {Dark Will+ SInv}
rPois   +            q - +2 hat {Stlth+}
rElec   .            y - +2 cloak
rCorr   .            f - +2 pair of gloves
SInv    +            F - +1 pair of boots
Will    +....        (no amulet)
Stlth   ++           W - +6 ring of dexterity
HPRegen 0.40/turn    E - ring of poison resistance
MPRegen 0.16/turn

%: no passive effects
@: confused, ambrosia-drunk
A: horns 2, retaliatory headbutt
a: Renounce Religion, Wall of Briars, Grow Ballistomycete


You were on level 13 of the Dungeon.
You worshipped Fedhas.
Fedhas was most pleased with you.
You visited 2 branches of the dungeon, and saw 15 of its levels.
You also visited: Ossuary.

You collected 1254 gold pieces.
You spent 292 gold pieces at shops.

Inventory:

Hand Weapons
 a - a +3 shortbow (weapon)
 x - a +1 antimagic scythe
 D - a +0 morningstar
 Z - the +5 long sword of the Vanishing Runes {pain, rN+ Str-4 Dex+3}
   (You found it on level 10 of the Dungeon)

   Str:       It affects your strength (-4).
   Dex:       It affects your dexterity (+3).
   rN:        It protects you from negative energy.
Missiles
 e - 13 atropa-tipped darts
 n - 36 poisoned darts
 H - 3 boomerangs of dispersal
 L - a curare-tipped dart
Armour
 f - a +2 pair of gloves (worn)
 q - a +2 hat of stealth (worn)
 r - the +4 scale mail of Going Fast {+Inv rElec Int+3}
   (You found it on level 10 of the Dungeon)

   Int:       It affects your intelligence (+3).
   rElec:     It insulates you from electricity.
   +Inv:      It lets you turn invisible.
 u - a scarf of resistance
 y - a +2 cloak (worn)
 z - a +2 leather armour of cold resistance
 C - a +0 leather armour of poison resistance
 F - a +1 pair of boots (worn)
 U - the +5 robe of Night (worn) {Dark Will+ SInv}
   (You found it on level 9 of the Dungeon)

   Dark:      It shrouds the wearer in darkness, reducing the range at which
   they can see and be seen by others.
   SInv:      It lets you see invisible.
   Will:      It increases your willpower.
 X - a +0 troll leather armour
Jewellery
 E - a ring of poison resistance (right hand)
 W - a +6 ring of dexterity (left hand)
Wands
 j - a wand of digging (5)
 A - a wand of light (7)
 G - a wand of roots (8)
 O - a wand of polymorph (7)
 P - a wand of paralysis (9)
Scrolls
 b - 6 scrolls of immolation
 g - a scroll of amnesia
 k - a scroll of torment
 l - 4 scrolls of teleportation
 o - a scroll of fog {unknown}
 s - a scroll of blinking {unknown}
 t - a scroll of acquirement {unknown}
 w - 2 scrolls of magic mapping
 N - 2 scrolls of vulnerability {unknown}
 R - a scroll of brand weapon {unknown}
 Y - a scroll of silence {unknown}
Potions
 c - a potion of berserk rage
 d - a potion of cancellation
 h - a potion of resistance
 i - 6 potions of lignification
 p - 2 potions of brilliance
 B - 2 potions of attraction
 I - 3 potions of curing
 K - a potion of mutation
 M - a potion of magic
 T - a potion of flight


   Skills:
 + Level 16.5 Fighting
 - Level 16.0 Ranged Weapons
 - Level 2.1 Dodging
 - Level 0.7 Stealth
 + Level 9.6 Invocations


You had 11 spell levels left.
You didn't know any spells.
Your spell library contained the following spells:

 Spells                   Type           Power      Damage    Failure   Level
 Freeze                   Ice            0%         1d3       45%         1
 Slow                     Hex            0%         N/A       45%         1
 Ensorcelled Hibernation  Hex/Ice        0%         N/A       58%         2
 Lesser Beckoning         Tloc           0%         N/A       58%         2
 Passwall                 Tmut/Erth      0%         N/A       58%         2
 Call Canine Familiar     Summ           0%         N/A       83%         3
 Confusing Touch          Hex            0%         N/A       83%         3
 Frozen Ramparts          Ice            0%         1d1       83%         3
 Gell's Gravitas          Tloc           0%         N/A       83%         3
 Hailstorm                Conj/Ice       0%         3d3       83%         3
 Ozocubu's Armour         Ice            0%         N/A       83%         3
 Portal Projectile        Hex/Tloc       0%         N/A       83%         3
 Spider Form              Tmut/Pois      0%         N/A       83%         3
 Stone Arrow              Conj/Erth      0%         3d7       83%         3
 Swiftness                Air            0%         N/A       83%         3
 Teleport Other           Tloc           0%         N/A       83%         3
 Vampiric Draining        Necr           0%         2d6       83%         3
 Anguish                  Hex/Necr       0%         N/A       99%         4
 Animate Armour           Summ/Erth      0%         N/A       99%         4
 Leda's Liquefaction      Hex/Erth       0%         N/A       99%         4
 Petrify                  Tmut/Erth      0%         N/A       99%         4
 Metabolic Englaciation   Hex/Ice        0%         N/A       100%        5
 Statue Form              Tmut/Erth      0%         N/A       100%        6
 Ozocubu's Refrigeration  Ice            0%         4d7       100%        7
 Lehudib's Crystal Spear  Conj/Erth      0%         10d2      100%        8


Dungeon Overview and Level Annotations

Branches:
Dungeon (14/15)            Temple (1/1) D:4            Lair (0/5) D:11
    Orc (0/2) D:11        Ossuary (visited)
 Vaults: D:13-14

Altars:
Ashenzari
Cheibriados
Dithmenos
Elyvilon
Fedhas
Gozag
Hepliaklqana
Kikubaaqudgha
Makhleb
Nemelex Xobeh
Okawaru
Qazlal
Ru
Sif Muna
Trog
Uskayaw
Vehumet
Wu Jian
Xom
Yredelemnul
Zin
The Shining One

Shops:
D:7 :   D:8 *

Portals:
Trove: D:13 (give 4 scrolls of fog)

Annotations:
D:6 1 runed translucent door, exclusion: downstairs, demibob's ghost, novice DsWn
D:10 2 transporters, roninjake's ghost, journeyman DsFi
D:12 exclusion: downstairs


Innate Abilities, Weirdness & Mutations

You have a pair of horns on your head.
You reflexively headbutt those who attack you in melee.


Message History

You shoot an arrow.
The arrow hits the +5 long sword but does no damage.
The +5 long sword is severely damaged.
The +5 long sword hits you but does no damage.
You shoot an arrow.
The arrow hits the +5 long sword but does no damage.
The +5 long sword is severely damaged.
The +5 long sword hits you.
You shoot an arrow.
The arrow closely misses the +5 long sword.
The +5 long sword barely misses you.
You shoot an arrow.
The arrow barely misses the +5 long sword.
The +5 long sword hits you!!
* * * LOW HITPOINT WARNING * * *
You feel much better. The +5 long sword barely misses you.
The +5 long sword hits you!
You shoot an arrow.
The arrow closely misses the +5 long sword.
The +5 long sword hits you!
* * * LOW HITPOINT WARNING * * *
You shoot an arrow.
The arrow closely misses the +5 long sword.
The +5 long sword hits you!
* * * LOW HITPOINT WARNING * * *
You are confused.
You feel invigorated. The +5 long sword hits you!
* * * LOW HITPOINT WARNING * * *
The +5 long sword barely misses you.
You clumsily bash the +5 long sword but do no damage.
The +5 long sword is heavily damaged.
The +5 long sword hits you but does no damage.
The +5 long sword hits you!
* * * LOW HITPOINT WARNING * * *
The +5 long sword attacks as you move away!
The +5 long sword hits you.
* * * LOW HITPOINT WARNING * * *
The +5 long sword hits you!!
You die...
Fedhas appreciates your contribution to the ecosystem.

#####################'###########
.................................
.................................
.........................########
.........................########
................................>
##########'#####'######'#########
...............>(................
.............)).@................
..............[..................
###############)#########'######'
..............(.)................
.............)...................
.................................
.................................
.................................
.................................


You could see a +5 long sword.

Vanquished Creatures
  Azrael (D:13)
  Josephine (D:11)
  An ogre mage (D:13)
  Erolcha (D:13)
  2 centaur warriors
  A dancing weapon (D:13)
  2 boulder beetles
  5 two-headed ogres
  A deep elf pyromancer (D:12)
  2 cyclopes
  A manticore (D:12)
  3 ugly things
  Joseph (D:7)
  A gargoyle (D:11)
  An unseen horror (D:12)
  A komodo dragon (D:11)
  An efreet (D:13)
  5 trolls
  3 meliai (D:12)
  2 shadows (D:9)
  10 slime creatures (D:13)
  A vampire (D:12)
  10 yaks
  Sigmund (D:3)
  4 wyverns
  7 wraiths
  2 fire elementals (D:13)
  A basilisk (D:11)
  4 vampire mosquitoes (D:13)
  5 acid dragons
  2 hell hounds (D:13)
  5 water moccasins
  2 orc warriors (D:9)
  A swamp drake (D:11)
  Duvessa (D:7)
  2 ice beasts
  2 sky beasts
  2 black bears
  7 ogres
  2 centaurs
  2 phantoms
  4 kobold brigands
  3 bullfrogs
  A gnoll sergeant (D:9)
  3 scorpions
  A wight (D:7)
  Dowan (D:7)
  7 killer bees
  4 howler monkeys
  A centaur zombie (Ossuary)
  3 hounds (D:5)
  6 orc priests
  2 gnoll boudas
  2 iguanas
  11 orc wizards
  Natasha (thrice) (D:3)
  2 mummies (Ossuary)
  11 adders
  18 gnolls
  A shadow imp (D:7)
  An ufetubus (D:6)
  2 worms (D:2)
  2 dart slugs
  21 orcs
  7 bats
  5 giant cockroaches
  6 hobgoblins
  27 kobolds
  8 quokkas
  3 ball pythons (D:4)
  4 frilled lizards
  4 gnoll zombies (Ossuary)
  5 goblins
  5 goblin zombies (Ossuary)
  2 hobgoblin zombies (Ossuary)
  2 orc zombies (Ossuary)
  9 rats
306 creatures vanquished.

Vanquished Creatures (collateral kills)
  An efreet (D:13)
  A black bear (D:7)
  A gnoll (D:9)
  7 ballistomycete spores
10 creatures vanquished.

Vanquished Creatures (others)
  A sleepcap (D:7)
  3 kobolds (D:7)
  3 ballistomycete spores
7 creatures vanquished.

Grand Total: 323 creatures vanquished

Notes
Turn   | Place    | Note
-------+----------+-------------------------------------------
     0 | D:1      | cheesebisquit the Minotaur Hunter began the quest for the
                  | Orb.
     0 | D:1      | Reached XP level 1. HP: 18/18 MP: 0/0
   340 | D:1      | Reached XP level 2. HP: 25/25 MP: 1/1
   382 | D:1      | Reached skill level 5 in Ranged Weapons
   678 | D:2      | Found a faded altar of an unknown god.
   855 | D:2      | Reached XP level 3. HP: 30/30 MP: 2/2
  1026 | D:2      | You fall into a shaft and drop 1 floor!
  1262 | D:3      | Reached XP level 4. HP: 37/37 MP: 3/3
  1325 | D:3      | Noticed Natasha
  1329 | D:3      | Killed Natasha
  1676 | D:3      | Noticed Natasha
  1679 | D:3      | Killed Natasha
  1841 | D:3      | Noticed Natasha
  1849 | D:3      | Killed Natasha
  1850 | D:3      | Reached XP level 5. HP: 40/42 MP: 4/4
  1881 | D:3      | Noticed Sigmund
  1892 | D:3      | Killed Sigmund
  1893 | D:3      | Reached XP level 6. HP: 50/50 MP: 5/5
  2165 | D:4      | Found a staircase to the Ecumenical Temple.
  2193 | Temple   | Entered the Ecumenical Temple
  2594 | D:4      | Found a white marble altar of Elyvilon.
  2996 | D:5      | Entered Level 5 of the Dungeon
  3031 | D:4      | Reached XP level 7. HP: 26/56 MP: 6/6
  3150 | D:5      | Found a sand-covered staircase.
  3158 | Ossuary  | Entered an ossuary
  3852 | D:5      | Reached skill level 10 in Ranged Weapons
  4136 | D:5      | Found a glowing golden altar of the Shining One.
  4136 | D:5      | Found an opulent altar of Gozag.
  4229 | D:5      | Found a blossoming altar of Fedhas.
  4238 | D:5      | Became a worshipper of Fedhas Madash
  4313 | D:5      | Reached XP level 8. HP: 51/62 MP: 7/7
  4349 | D:5      | Noticed a two-headed ogre
  5114 | D:5      | Killed a two-headed ogre
  5115 | D:5      | Reached XP level 9. HP: 28/68 MP: 8/8
  5493 | D:6      | Reached * piety under Fedhas
  5957 | D:6      | Reached ** piety under Fedhas
  6013 | D:6      | Found a runed translucent door.
  6015 | D:6      | Noticed demibob's ghost (novice DsWn)
  6624 | D:7      | Noticed Duvessa
  6624 | D:7      | Noticed Dowan
  6685 | D:7      | Found a basalt altar of Yredelemnul.
  6975 | D:7      | Reached skill level 15 in Ranged Weapons
  7137 | D:7      | Found Vealaw's Tiny Tomes.
  7298 | D:7      | Killed Dowan
  7319 | D:7      | HP: 4/102 [Duvessa/+0 rapier (4)]
  7320 | D:7      | Killed Duvessa
  7550 | D:7      | Noticed Joseph
  7572 | D:7      | Killed Joseph
  7741 | D:7      | Reached XP level 10. HP: 58/74 MP: 9/9
  7917 | D:7      | Found a shadowy altar of Dithmenos.
  8219 | D:8      | Reached skill level 5 in Fighting
  8237 | D:8      | HP: 1/81 [yak (6)]
  8602 | D:8      | Found Teikkong's General Store.
  8611 | D:8      | Bought a potion of mutation for 88 gold pieces
  8611 | D:8      | Bought a potion of curing for 33 gold pieces
  8611 | D:8      | Bought a wand of polymorph (4) for 61 gold pieces
  8611 | D:8      | Bought 3 scrolls of identify for 66 gold pieces
  8611 | D:8      | Bought a scroll of poison for 44 gold pieces
  8657 | D:8      | Found a sacrificial altar of Ru.
  9345 | D:9      | Noticed a two-headed ogre
  9369 | D:9      | Killed a two-headed ogre
  9449 | D:9      | Found the +5 robe of Night {Dark Will+ SInv}
  9485 | D:9      | Reached *** piety under Fedhas
  9792 | D:9      | Found a stormy altar of Qazlal.
 10041 | D:9      | Found a glowing silver altar of Zin.
 10069 | D:9      | Reached skill level 10 in Fighting
 10615 | D:10     | Entered Level 10 of the Dungeon
 10903 | D:10     | Noticed a two-headed ogre
 10916 | D:10     | Killed a two-headed ogre
 10917 | D:10     | Reached XP level 11. HP: 82/102 MP: 7/10
 11313 | D:10     | Found a transporter.
 11317 | D:10     | Noticed roninjake's ghost (journeyman DsFi)
 11328 | D:10     | Identified the +5 long sword of the Vanishing Runes {pain,
                  | rN+ Str-4 Dex+3}
 11347 | D:10     | Found a transporter.
 11350 | D:10     | Identified the +4 scale mail of Going Fast {+Inv rElec
                  | Int+3}
 12041 | D:11     | Found a shimmering altar of Xom.
 12042 | D:11     | Found a shimmering altar of Xom.
 12043 | D:11     | Found a shimmering altar of Xom.
 12044 | D:11     | Found a shimmering altar of Xom.
 12118 | D:11     | Reached skill level 1 in Invocations
 12177 | D:11     | Noticed Josephine
 12199 | D:11     | Killed Josephine
 12485 | D:11     | Found a staircase to the Lair.
 12582 | D:11     | Found a staircase to the Orcish Mines.
 12647 | D:11     | Noticed a boulder beetle
 12708 | D:11     | Killed a boulder beetle
 13140 | D:12     | Noticed a deep elf pyromancer
 13147 | D:12     | Killed a deep elf pyromancer
 13148 | D:12     | Reached skill level 5 in Invocations
 13577 | D:12     | Noticed a cyan ugly thing
 13591 | D:12     | Killed a cyan ugly thing
 13807 | D:12     | Reached XP level 12. HP: 113/118 MP: 15/15
 14373 | D:13     | Noticed a two-headed ogre
 14376 | D:13     | Noticed a two-headed ogre
 14376 | D:13     | Noticed an ogre mage
 14514 | D:13     | Noticed a boulder beetle
 14846 | D:13     | Killed a two-headed ogre
 14859 | D:13     | Killed a two-headed ogre
 14860 | D:13     | Reached skill level 15 in Fighting
 14869 | D:13     | Noticed a centaur warrior
 14873 | D:13     | Killed a centaur warrior
 14894 | D:13     | Killed an ogre mage
 15227 | D:13     | Noticed Azrael
 15245 | D:13     | Killed Azrael
 15849 | D:13     | Killed a boulder beetle
 16157 | D:13     | Found a portal to a secret trove of treasure.
 16170 | D:13     | Noticed Erolcha
 16179 | D:13     | Killed Erolcha
 16844 | D:13     | Found a portal to a secret trove of treasure.
 17155 | D:14     | Noticed a centaur warrior
 17243 | D:14     | Noticed a centaur warrior
 18286 | D:14     | Noticed a centaur warrior
 18290 | D:14     | Noticed a centaur warrior
 18292 | D:14     | Killed a centaur warrior
 18582 | D:13     | Slain by a +5 long sword

Illustrated notes

Levels and vault maps discovered:
D:1:      scummos_arrival_simple_fountains, layout_basic
D:2:      layout_loops_cross, nicolae_ecumenical_pavilion,
          nicolae_underground_beach
D:3:      layout_basic, minmay_misc_feat_plants, minmay_close_crescents,
          uniq_sigmund, uniq_natasha
D:4:      layout_basic, elyvilon_altar_3, minmay_temple_entry_junction,
          chequers_mini_garden
D:5:      minmay_clustersquares, layout_cave_pools, fedhas_altar_2,
          nicolae_overflow_two_pavilions, lightli_ossuary_entry_decrepit_ruins,
          columned_hall_lemuel
D:6:      layout_loops_corners, ebering_ghost_inner_flame, gup_sewer_entry_pipe,
          minmay_between
D:7:      layout_gridville, nicolae_overflow_crystal_walls,
          general_overflow_altar, dreamdust_princess_bridge,
          nicolae_shop_i_like_small_books_too, st_stairs_7,
          kennysheep_small_square, uniq_joseph, uniq_duvessa
D:8:      layout_cave_pools, nicolae_ru_awakened_eye, serial_shops, shop
D:9:      layout_layer_cave, nicolae_qazlal_eye_of_the_storm,
          mainiacjoe_overflow_six_doors_small
D:10:     layout_stronghold, gammafunk_ghost_berserking_beasts
D:11:     layout_roguey, erik_lair_dragon, orc_0_dummy, st_stairs_7,
          hangedman_glass_teeth, xom_shifter_show, uniq_josephine
D:12:     layout_irregular_city
D:13:     layout_stronghold, enter_trove_6, uniq_azrael, uniq_erolcha
D:14:     layout_cave_pools, erik_vaults_1, serial_park_gazebo
          [serial_park_minivault_5x5_4]
Temple:   nicolae_temple_god_jail

Skill      XL: |  1  2  3  4  5  6  7  8  9 10 11 12 |
---------------+-------------------------------------+-----
Ranged Weapons | 5 6 7 8 9 11 13 15 16 | 16.0
Fighting       | 11 14 16 | 16.5
Invocations    | 6 9 |  9.6
Dodging        | |  2.1
Stealth        | |  0.7

Action                     |  1- 3 |  4- 6 |  7- 9 | 10-12 || total
---------------------------+-------+-------+-------+-------++-------
  Melee: Shortbow          |       |       |     7 |     3 ||    10
         Headbutt          |       |       |     2 |       ||     2
   Fire: Shortbow          |   102 |   104 |   497 |   854 ||  1557
 Invoke: Wall of Briars    |       |       |     1 |    13 ||    14
         Grow Ballistomyce |       |       |       |     6 ||     6
    Use: Scroll            |       |     5 |     7 |    23 ||    35
         Potion            |       |       |     7 |     8 ||    15
 Armour: Leather armour    |    11 |     8 |    70 |    35 ||   124
         Robe              |       |       |       |   112 ||   112
  Dodge: Dodged            |    22 |    23 |   126 |   228 ||   399

Table legend: (Time is in decaauts)
 A = Elapsed time spent in this place.
 B = Non-inter-level travel time spent in this place.
 C = Inter-level travel time spent in this place.
 D = Time resting spent in this place.
 E = Time spent auto-exploring this place.
 F = Levels seen in this place.
 G = Mean time per level.
                   A        B        C        D        E       F      G
               +--------+--------+--------+--------+--------+-----+--------+
         Total |  18342 |  17515 |    827 |   2226 |  12876 |  16 | 1146.4 |
       Dungeon |  17714 |  16914 |    800 |   1895 |  12736 |  14 | 1265.3 |
        Temple |     62 |     35 |     27 |      0 |     24 |   1 |   62.0 |
       Ossuary |    565 |    565 |      0 |    331 |    116 |   1 |  565.0 |
               +--------+--------+--------+--------+--------+-----+--------+

Top non-repeatable levels by time:
    D:13: 4171 daAuts
     D:9: 1678 daAuts
     D:5: 1588 daAuts
     D:7: 1434 daAuts
     D:6: 1386 daAuts
    D:11: 1281 daAuts
    D:12: 1264 daAuts
     D:3: 1038 daAuts
     D:4: 1008 daAuts
    D:10: 990 daAuts
     D:8: 767 daAuts
     D:1: 690 daAuts
 Ossuary: 565 daAuts
     D:2: 358 daAuts
  Temple: 62 daAuts
